 Dungeon Crawl Stone Soup version 0.31-a0-819-gf6de2f5ab6 (webtiles) character file.

Game seed: 8338175894927421899

53 Leeroy the Changeling (level 3, -1/26 HPs)
             Began as a Merfolk Shapeshifter on Sept 23, 2023.
             Slain by Terence
             ... wielding a +0 trident
              (10 damage)
             ... on level 2 of the Dungeon.
             The game lasted 00:01:26 (1375 turns).

Leeroy the Changeling (Merfolk Shapeshifter)        Turns: 1375, Time: 00:01:27

Health: -1/26      AC:  2    Str: 16    XL:     3   Next: 87%
Magic:  3/3        EV: 12    Int:  9    God:
Gold:   60         SH:  0    Dex: 13    Spells: 2/2 levels left

rFire   . .          .
                       - Unarmed
rCold   . . .        (no shield)
rNeg    . . .        a - +0 animal skin
rPois   .            (helmet currently unavailable)
rElec   .            (cloak currently unavailable)
rCorr   .            (gloves currently unavailable)
SInv    .            (boots currently unavailable)
Will    .....        (no amulet)
Stlth   +            (no ring)
HPRegen 0.24/turn    (no ring)
MPRegen 0.08/turn

%: no passive effects
@: beast-form
A: beast (slay +3), (nimble swimmer 2), mertail
a: Begin Untransformation


You were on level 2 of the Dungeon.
You were a hulking beast.
You visited 1 branch of the dungeon, and saw 2 of its levels.

You collected 60 gold pieces.

Inventory:

Hand Weapons
 i - a +0 falchion of holy wrath
Armour
 a - a +0 animal skin (worn)
 g - a +0 pair of gloves
Talismans
 c - a beast talisman (active)
 d - a flux talisman
Scrolls
 e - 2 scrolls of identify {unknown}
 j - a scroll of revelation {unknown}
Potions
 b - a potion of lignification
 f - a potion of degeneration {unknown}
 h - 2 potions of might {unknown}


   Skills:
 - Level 1.1 Fighting
 - Level 2.6 Dodging
 - Level 3.2 Unarmed Combat
 * Level 5.9 Shapeshifting


You had 2 spell levels left.
You didn't know any spells.
Your spell library was empty.

Dungeon Overview and Level Annotations

Branches:
Dungeon (2/15)

Altars:

Shops:
D:2 ?

Annotations:
D:2 Terence


Innate Abilities, Weirdness & Mutations

You are a hulking beast.
Your limbs bulge with bestial killing power. (Slay +3)
((You are very nimble when in or above water. (Stealth+, EV+, Speed+++)))
Your lower body shifts to a powerful aquatic tail in water.


Message History

The worm misses you.
You hit the worm.
The worm is heavily wounded.
You hit the worm.
The worm is heavily wounded.
The worm closely misses you.
You barely miss the worm.
The worm is heavily wounded.
You hit the worm.
The worm is severely wounded.
The worm bites you.
You are too injured to fight recklessly!
You are too injured to fight recklessly!
You are too injured to fight recklessly!
You are too injured to fight recklessly!
You are too injured to fight recklessly!
You are too injured to fight recklessly!
You are too injured to fight recklessly!
You punch the worm!
You kill the worm!
You see here a worm corpse.
HP restored.
j - a scroll labelled JOFOZILOSO You open the door.
There is an open door here.
Terence the Incautious comes into view.
He is wielding a +0 trident.
An endoplasm comes into view.
Terence shouts!
The endoplasm quivers.
Terence closely misses you. Terence attacks as he pursues you!
Terence hits you from afar with a +0 trident.
Terence attacks as he pursues you!
Terence hits you from afar with a +0 trident!
Terence attacks as he pursues you!
Terence hits you from afar with a +0 trident.
The endoplasm jiggles.
Terence attacks as he pursues you!
Terence hits you from afar with a +0 trident!
You die...

........##..####...####..##...#..
........##...####.####...##.####+
........##....##...##....##.#
.........(..#..##.###.......#
............#.........###...#
..##........#...............#
............###.............#
..........................†.#
................h.......#####
.......†................#
................@.......#
.....#..........##.......
.....#.####....J#####..... .#.
#.#....†...# #.......# #
#.#........# #......##
.#####.#.......####.......#
.................#........#


You could see Terence and an endoplasm.

Vanquished Creatures
  2 adders (D:2)
  A worm (D:2)
  2 dart slugs (D:1)
  A ball python (D:2)
  2 endoplasms (D:1)
  4 giant cockroaches
  A goblin (D:1)
  4 hobgoblins
  2 kobolds (D:1)
  3 quokkas
  2 bats
  A rat (D:2)
25 creatures vanquished.

Notes
Turn   | Place    | Note
-------+----------+-------------------------------------------
     0 | D:1      | Leeroy the Merfolk Shapeshifter began the quest for the
                  | Orb.
     0 | D:1      | Reached XP level 1. HP: 15/15 MP: 1/1
   202 | D:1      | Reached XP level 2. HP: 18/21 MP: 2/2
   313 | D:1      | Found a faded altar of an unknown god.
   367 | D:1      | Reached skill level 5 in Shapeshifting
  1013 | D:2      | Found Ruokot's Magic Scroll Shop.
  1021 | D:2      | Reached XP level 3. HP: 26/26 MP: 3/3
  1357 | D:2      | Noticed Terence
  1375 | D:2      | Slain by Terence

Illustrated notes

Levels and vault maps discovered:
D:1:      dpeg_arrival_three_same_balls, layout_loops_ring,
          hellmonk_ecumenical_altar_defaced_shrine
D:2:      cheibrodos_fertilizer, layout_basic, serial_shops,
          nicolae_shop_tiny_glass, shop, nicolae_shop_peninsula,
          nicolae_figureground_sparkle, uniq_terence

Skill      XL: |  1  2 |
---------------+-------+-----
Shapeshifting  | 5 |  5.9
Fighting       | |  1.1
Dodging        | |  2.6
Unarmed Combat | |  3.2

Action                     || total
---------------------------++-------
  Melee: Unarmed           ||    67
         Punch             ||     2
   Stab: Sleeping          ||     1
 Armour: Animal skin       ||    33
  Dodge: Dodged            ||    25

Table legend: (Time is in decaauts)
 A = Elapsed time spent in this place.
 B = Non-inter-level travel time spent in this place.
 C = Inter-level travel time spent in this place.
 D = Time resting spent in this place.
 E = Time spent auto-exploring this place.
 F = Levels seen in this place.
 G = Mean time per level.
                   A        B        C        D        E       F      G
               +--------+--------+--------+--------+--------+-----+--------+
         Total |   1370 |   1201 |    169 |      0 |    978 |   2 |  685.0 |
       Dungeon |   1370 |   1201 |    169 |      0 |    978 |   2 |  685.0 |
               +--------+--------+--------+--------+--------+-----+--------+

Top non-repeatable levels by time:
     D:1: 1011 daAuts
     D:2: 359 daAuts
